 Dungeon Crawl Stone Soup version 0.20.1-1-g8b1a95d (webtiles) character file.

26200 corax the Covert (level 12, -1/63 HPs)
             Began as a Spriggan Assassin on July 23, 2017.
             Was an Initiate of Gozag.
             Slain by a large abomination (25 damage)
             ... on level 10 of the Dungeon.
             The game lasted 01:46:29 (19180 turns).

corax the Covert (Spriggan Assassin)               Turns: 19180, Time: 01:46:31

Health: -1/63      AC:  9    Str:  7    XL:     12   Next: 96%
Magic:  20/20      EV: 29    Int: 13    God:    Gozag
Gold:   3397       SH:  4    Dex: 22    Spells: 11/11 levels left

rFire    x . .     SeeInvis +   a - +4 dagger (venom)
rCold    + . .     Gourm    .   (shield restricted)
rNeg     . . .     Faith    .   V - +4 troll leather armour
rPois    .         Spirit   .   (helmet restricted)
rElec    .         Reflect  +   d - +0 cloak
rCorr    .         Harm     .   (gloves unavailable)
MR       ++...                  (boots unavailable)
Stlth    ++++++....             R - +4 amulet of reflection
Regen    0.6/turn               m - ring of ice
MPRegen  0.2/turn               (no ring)

@: gold aura, very quick
A: unfitting armour, see invisible, herbivore 3, speed 3, slow metabolism 2
a: Potion Petition, Call Merchant, Bribe Branch, Renounce Religion


You were on level 10 of the Dungeon.
You worshipped Gozag.
Gozag was most pleased with you.
You were very hungry.

You visited 2 branches of the dungeon, and saw 13 of its levels.
You visited the Abyss 2 times.
You also visited: Ossuary.

You collected 3502 gold pieces.
You paid 105 gold pieces to Gozag.

Inventory:

Hand Weapons
 a - a +4 dagger of venom (weapon)
 b - a +1 shortbow of chaos
 r - a +0 blowgun
 P - a +0 hunting sling
Missiles
 e - 8 poisoned needles
 f - 2 curare-tipped needles
 k - 334 stones (quivered)
 o - 234 arrows
 E - 23 sling bullets
Armour
 d - a +0 cloak (worn)
 V - a +4 troll leather armour (worn)
Jewellery
 m - a ring of ice (left hand)
 t - an uncursed ring of ice
 F - an uncursed ring of teleportation
 R - a +4 amulet of reflection (around neck)
 T - an uncursed ring of positive energy
 X - an uncursed ring of protection from cold
Wands
 h - a wand of flame (0/48)
 i - a wand of polymorph (15/24)
 n - a wand of disintegration (0/24)
 v - a wand of acid (0/15)
 J - a wand of polymorph (0/24)
 U - a wand of random effects (21/48)
 W - a wand of random effects (3/48)
Scrolls
 j - 7 scrolls of teleportation
 l - a scroll of fog
 p - 3 scrolls of blinking
 q - 2 scrolls of recharging
 w - 5 scrolls of magic mapping
 y - 4 scrolls of amnesia
 z - 4 scrolls of remove curse
 D - 3 scrolls of fear
 Z - 2 scrolls of summoning {unknown}
Potions
 s - 2 potions of brilliance {unknown}
 u - a potion of magic
 x - 5 potions of curing
 A - a potion of cancellation
 B - a potion of resistance
 C - 5 potions of heal wounds
 H - 4 potions of degeneration {unknown}
 I - a potion of haste {unknown}
 K - 2 potions of agility {unknown}
 L - 2 potions of might
 N - a potion of berserk rage {unknown}
 Q - 2 potions of mutation
 S - a potion of invisibility {unknown}
Books
 G - a book of Maledictions

   Spells                             Type                      Level
   a - Corona                         Hexes                        1
   b - Ensorcelled Hibernation        Hexes/Ice                    2
   c - Confuse                        Hexes                        3
   d - Tukima's Dance                 Hexes                        3
   e - Dazzling Spray                 Conjuration/Hexes            3
 O - a book of Misfortune

   Spells                             Type                      Level
   a - Confusing Touch                Hexes                        1
   b - Confuse                        Hexes                        3
   c - Gell's Gravitas                Translocation                3
   d - Petrify                        Transmutation/Earth          4
   e - Metabolic Englaciation         Hexes/Ice                    5
   f - Yara's Violent Unravelling     Hexes/Transmutation          5
Comestibles
 c - 11 fruits
 g - 7 bread rations
 M - 5 royal jellies


   Skills:
 + Level 7.4 Fighting
 + Level 9.7 Short Blades
 - Level 8.3(8.9) Slings
 + Level 9.3 Bows
 - Level 3.9(5.9) Throwing
 + Level 12.4 Dodging
 + Level 14.3 Stealth
 + Level 10.6 Evocations


You had 11 spell levels left.
You didn't know any spells.

Dungeon Overview and Level Annotations

Branches:
Dungeon (12/15)            Temple (1/1) D:5            Lair (0/6) D:10
    Orc (0/2) D:10

Altars:
Ashenzari
Cheibriados
Dithmenos
Elyvilon
Fedhas
Gozag
Hepliaklqana
Kikubaaqudgha
Makhleb
Nemelex Xobeh
Okawaru
Qazlal
Ru
Sif Muna
Trog
Uskayaw
Vehumet
Xom
Yredelemnul
Zin
The Shining One

Shops:
D:6 %=[(*   D:7 (


Innate Abilities, Weirdness & Mutations

You are very small and have problems with some larger weapons.
You are too small for most types of armour.
You have supernaturally acute eyesight. (SInv)
You are a herbivore.
You cover ground extremely quickly.
You need consume almost no food.


Message History

The small abomination is moderately damaged.
You block the large abomination's attack.
Throwing (i - inventory):
k - 335 stones (quivered)
Press: ? - help, Shift-Dir - straight line, f - you, p - large abomination Really target yourself? [Y]es or [N]o only, please.
Really target yourself? [Y]es or [N]o only, please.
Really target yourself?
Okay, then.
Throwing (i - inventory):
k - 335 stones (quivered)
Press: ? - help, Shift-Dir - straight line, f - small abomination
Aim: a small abomination (moderately damaged)
You throw a stone.
The stone hits the small abomination but does no damage.
The small abomination is moderately damaged.
The small abomination completely misses you.
The large abomination hits you!!
You die...
Your body crumbles into a pile of gold.

#..........##.......>..
######.................
#........#........
#........##.......
#........####.....
#.................
#.................
#x####....>.......
#@#..#####........
#X#......#........
#.#.....##........
#(#.....'.........
#('.....#.........
#.#######.........
#.x...............
#....######....###
#...)# #.####.#


You could see a large abomination and 2 small abominations.

Vanquished Creatures
  Snorg (D:10)
  A death knight (D:11)
  6 two-headed ogres
  2 large abominations (D:10)
  2 ugly things (D:11)
  A cyclops (D:8)
  3 centaur zombies
  2 gargoyles
  The ghost of Frank the Cutter, a novice OpMo of Ru (Ossuary)
  2 ice devils (D:11)
  8 trolls
  Prince Ribbit (D:9)
  2 hippogriffs
  3 small abominations (D:10)
  A vampire (D:10)
  2 wraiths (D:12)
  4 wyverns
  A basilisk (D:12)
  A spriggan (D:8)
  17 yaks
  Grum (D:10)
  2 hungry ghosts
  4 vampire mosquitoes (D:9)
  A steam dragon (D:11)
  2 wargs (D:10)
  An acid dragon (D:11)
  A phantom (D:5)
  9 orc warriors
  5 sky beasts
  3 necrophages
  7 ice beasts
  8 wolves
  5 ogres
  A crocodile (D:7)
  6 centaurs
  8 bullfrogs
  A big kobold (D:10)
  A gnoll sergeant (D:8)
  2 scorpions (D:6)
  2 water moccasin skeletons
  14 killer bees
  14 wights
  3 howler monkeys
  3 electric eels
  7 crimson imps
  A bullfrog zombie (D:6)
  A quasit (D:9)
  4 centaur skeletons
  8 hounds
  3 jellies
  5 bullfrog skeletons
  2 gnoll shamans
  12 orc priests
  4 iguanas
  16 orc wizards
  5 worker ants
  3 centaur simulacra
  A hound skeleton (D:6)
  A howler monkey zombie (D:7)
  2 mummies (Ossuary)
  19 adders
  18 gnolls
  2 shadow imps
  6 white imps
  3 worker ant simulacra
  3 ufetubi
  3 oozes
  An adder zombie (D:5)
  4 adder skeletons
  3 worms
  8 leopard geckos
  48 orcs
  5 bats
  2 giant cockroaches
  A gnoll zombie (Ossuary)
  16 goblins
  16 hobgoblins
  15 jackals
  7 quokkas
  A ball python (D:3)
  4 frilled lizards
  3 gnoll skeletons (Ossuary)
  2 goblin skeletons (Ossuary)
  A hobgoblin skeleton (Ossuary)
  3 hobgoblin zombies (Ossuary)
  A jackal skeleton (D:4)
  18 kobolds
  A kobold skeleton (Ossuary)
  A leopard gecko zombie (D:8)
  An orc skeleton (Ossuary)
  3 orc zombies (Ossuary)
  A quokka skeleton (D:4)
  7 rats
  2 rat skeletons (Ossuary)
  2 rat zombies (Ossuary)
471 creatures vanquished.

Vanquished Creatures (others)
  A yak (D:11)
  Menkaure (Ossuary)
  A centaur (D:8)
  A mummy (Ossuary)
  An ufetubus (D:9)
  An orc (D:11)
  A gnoll zombie (Ossuary)
  2 gnoll skeletons (Ossuary)
  2 goblin skeletons (Ossuary)
  3 goblin zombies (Ossuary)
  3 hobgoblin skeletons (Ossuary)
  A hobgoblin zombie (Ossuary)
  4 kobold skeletons (Ossuary)
  3 kobold zombies (Ossuary)
  2 orc skeletons (Ossuary)
  4 orc zombies (Ossuary)
  2 rat skeletons (Ossuary)
  4 rat zombies (Ossuary)
37 creatures vanquished.

Grand Total: 508 creatures vanquished

Notes
Turn   | Place    | Note
-------+----------+-------------------------------------------
     0 | D:1      | corax the Spriggan Assassin began the quest for the Orb.
     0 | D:1      | Reached XP level 1. HP: 10/10 MP: 2/2
   115 | D:1      | Reached skill level 6 in Stealth
   158 | D:1      | Reached XP level 2. HP: 9/14 MP: 3/3
   762 | D:2      | Reached XP level 3. HP: 10/18 MP: 4/4
  1245 | D:2      | Reached XP level 4. HP: 23/23 MP: 5/5
  1901 | D:3      | Reached skill level 7 in Stealth
  2038 | D:4      | Found a sand-covered staircase.
  2093 | Ossuary  | Entered an ossuary
  2340 | Ossuary  | Noticed Frank's ghost (novice OpMo)
  2446 | Ossuary  | Killed Frank's ghost
  2446 | Ossuary  | Reached XP level 5. HP: 3/27 MP: 6/6
  2446 | Ossuary  | Reached XP level 6. HP: 4/32 MP: 7/7
  2772 | Ossuary  | Killed Menkaure
  3168 | D:5      | Entered Level 5 of the Dungeon
  3513 | D:4      | Reached skill level 1 in Evocations
  3602 | D:6      | Found Wawneoge's Assorted Antiques.
  3603 | D:6      | Reached skill level 8 in Stealth
  3603 | D:6      | Reached XP level 7. HP: 35/35 MP: 7/9
  3628 | D:4      | Found a blossoming altar of Fedhas.
  4498 | D:5      | Reached skill level 5 in Dodging
  4592 | D:6      | Found Vowayguibu's Antique Weapon Shop.
  4611 | D:6      | Found Zeforanai's Jewellery Boutique.
  5145 | D:6      | Found Suutozym's Armour Boutique.
  5159 | D:6      | Reached skill level 1 in Slings
  5504 | D:6      | Reached XP level 8. HP: 9/40 MP: 11/11
  5542 | D:6      | Found Jucyiv's Food Boutique.
  5775 | D:6      | Reached skill level 9 in Stealth
  5985 | D:6      | Reached skill level 5 in Short Blades
  7055 | D:5      | Found a staircase to the Ecumenical Temple.
  7060 | Temple   | Entered the Ecumenical Temple
  7069 | Temple   | Became a worshipper of Gozag Ym Sagoz the Greedy
  7302 | D:5      | Found a burning altar of Makhleb.
  7397 | D:5      | Reached skill level 1 in Bows
  8158 | D:6      | Reached XP level 9. HP: 37/45 MP: 13/13
  8483 | D:7      | Reached skill level 5 in Evocations
  8571 | D:7      | Found Zahal's Weapon Boutique.
  8660 | D:7      | Reached skill level 10 in Stealth
  8976 | D:7      | Reached skill level 5 in Slings
  9037 | D:9      | Noticed a two-headed ogre
  9039 | D:9      | Noticed a troll
  9062 | D:9      | Noticed a two-headed ogre
  9068 | D:9      | Killed a two-headed ogre
  9099 | D:10     | Entered Level 10 of the Dungeon
  9195 | D:10     | Reached XP level 10. HP: 18/51 MP: 15/15
  9222 | D:10     | Noticed a wizard
  9240 | D:10     | Cast into level 2 of the Abyss (a wizard)
  9240 | Abyss:2  | Found a corrupted altar of Lugonu.
  9275 | Abyss:2  | Found an ancient bone altar of Kikubaaqudgha.
  9301 | Abyss:2  | Found a deep blue altar of Sif Muna.
  9318 | Abyss:2  | Found a corrupted altar of Lugonu.
  9325 | Abyss:2  | Noticed a starcursed mass
  9335 | Abyss:2  | Noticed an orange demon
  9415 | Abyss:2  | Noticed a smoke demon
  9464 | D:10     | Escaped the Abyss
  9493 | D:10     | Cast into level 3 of the Abyss (a wizard)
  9540 | Abyss:3  | Noticed a lich
  9566 | Abyss:4  | Found a corrupted altar of Lugonu.
  9579 | D:10     | Escaped the Abyss
  9585 | D:10     | Found a white marble altar of Elyvilon.
  9629 | D:10     | Noticed Snorg
  9644 | D:10     | Killed Snorg
  9644 | D:10     | Reached skill level 5 in Fighting
  9644 | D:10     | Reached skill level 11 in Stealth
  9783 | D:8      | Noticed a cyclops
  9877 | D:8      | Reached skill level 5 in Bows
 10098 | D:8      | Killed a cyclops
 10264 | D:8      | Noticed a two-headed ogre
 10288 | D:8      | Killed a two-headed ogre
 10510 | D:8      | Noticed a two-headed ogre
 10515 | D:8      | Noticed a two-headed ogre
 10968 | D:8      | Killed a two-headed ogre
 10968 | D:8      | Reached XP level 11. HP: 17/56 MP: 17/17
 11116 | D:8      | Killed a two-headed ogre
 11116 | D:8      | Reached skill level 10 in Dodging
 11116 | D:8      | Reached skill level 12 in Stealth
 12906 | D:9      | Killed a two-headed ogre
 13182 | D:9      | Found a deep blue altar of Sif Muna.
 14078 | D:9      | Noticed Prince Ribbit
 14083 | D:9      | Killed Prince Ribbit
 14465 | D:11     | Noticed a two-headed ogre
 14504 | D:11     | Killed a two-headed ogre
 14504 | D:11     | Reached skill level 13 in Stealth
 14510 | D:11     | Reached XP level 12. HP: 62/62 MP: 19/19
 16398 | D:11     | Noticed a death knight
 16556 | D:11     | Killed a death knight
 17152 | D:11     | Reached skill level 10 in Evocations
 17220 | D:10     | Found a staircase to the Lair.
 17329 | D:10     | Noticed Grum
 17439 | D:10     | Killed Grum
 17627 | D:10     | Reached skill level 14 in Stealth
 18241 | D:10     | Found a staircase to the Orcish Mines.
 19180 | D:10     | Slain by a large abomination

Skill      XL: |  1  2  3  4  5  6  7  8  9 10 11 12 |
---------------+-------------------------------------+-----
Stealth        | 6 7 8 9 10 11 13 14 | 14.3
Dodging        | 2 3 4 5 7 8 9 11 12 | 12.4
Fighting       | 2 3 4 5 6 7 |  7.4
Short Blades   | 3 4 5 6 7 8 9 |  9.7
Throwing       | 3 |  3.9
Evocations     | 1 3 4 6 7 9 10 | 10.6
Slings         | 2 4 5 7 8 |  8.3
Bows           | 1 4 6 7 9 |  9.3

Action                   |  1- 3 |  4- 6 |  7- 9 | 10-12 || total
-------------------------+-------+-------+-------+-------++-------
Melee: Dagger            |   116 |   131 |   627 |  1429 ||  2303
       Shortbow          |       |       |       |     1 ||     1
 Fire: Blowgun           |     2 |     2 |    20 |       ||    24
       Hunting sling     |       |    60 |   182 |    27 ||   269
       Shortbow          |       |       |       |   694 ||   694
Throw: Stone             |    11 |       |       |     3 ||    14
Evoke: Wand              |       |     2 |     1 |    30 ||    33
  Use: Potion            |     2 |       |       |     2 ||     4
       Scroll            |       |     6 |     5 |    24 ||    35
 Stab: Sleeping          |     7 |    18 |    20 |    27 ||    72
       Distracted        |     1 |     2 |     3 |    14 ||    20
       Petrified         |       |       |       |     2 ||     2
       Paralysed         |       |       |       |     2 ||     2
  Eat: Bread ration      |       |       |     1 |     3 ||     4
Armor: Robe              |    18 |     9 |    28 |     1 ||    56
       Skin              |     4 |       |       |       ||     4
       Troll leather arm |       |       |       |    79 ||    79
Dodge: Dodged            |    86 |    69 |   533 |  1028 ||  1716
Block: Other             |       |       |       |   172 ||   172
       Reflection        |       |       |       |    11 ||    11
